AoeStats
← HAKUNA MATATA

Arena

503842104Analyzed
4v4 RM · 1mo ago on Sep 2, 2026· 56m 6s· 8 players
Game mode
Random Map
Map size
Large (8 player)
Population
200
Speed
Normal
Resources
Standard
Victory
Conquest
Starting age
Dark Age
Ending age
Imperial Age
RankedLock teamsTeams togetherTeam positionsShared explorationLock speedFull tech treeHidden civsTurbo modeCheats
Victory
Defeat
🇪🇸 Franks · Spain
1525
+9
🇭🇰 Bohemians · Hong Kong SAR China
1494
+10
🇯🇵 Mongols · Japan
1358
+16
🇹🇷 Malay · Türkiye
1185
+24
🇬🇧 Bohemians · United Kingdom
1383
-16
🇲🇽 Celts · Mexico
1368
-15
🇵🇹 Turks · Portugal
1355
-14
🇺🇸 Bengalis · United States
1349
-14
Party Cannon
11:49 Feudal Age
13:07 Double-Bit Axe
15:58 Castle Age
14:05 Double-Bit Axe
14:14 Horse Collar
15:24 Gold Mining
15:27 Stone Mining
17:07 Heavy Plow
17:20 Bow Saw
21:00 Loom
26:09 Wheelbarrow
29:58 Imperial Age
28:09 Fletching
28:51 Hand Cart
29:33 Bodkin Arrow
29:39 Padded Archer Armor
30:25 Ballistics
30:05 Town Watch
30:40 Bloodlines
30:30 Husbandry
30:46 Bracer
31:50 Chemistry
31:38 Conscription
32:11 Crop Rotation
31:24 Elite Elephant Archer
32:34 Leather Archer Armor
33:55 Ring Archer Armor
32:56 Elite Skirmisher
34:30 Gold Shaft Mining
34:14 Light Cavalry
34:16 Elite Battle Elephant
34:48 Man-at-Arms
35:14 Gambesons
35:29 Squires
35:14 Arson
35:51 Scale Barding Armor
35:56 Forging
37:42 Two-Man Saw
37:18 Chain Barding Armor
38:12 Iron Casting
39:31 Plate Barding Armor
39:20 Paiks
39:35 Murder Holes
39:53 Fortified Wall
41:45 Blast Furnace
45:57 Scale Mail Armor
47:51 Pikeman
48:31 Squires
48:17 Arson
jeffarin_bobzos
10:07 Feudal Age
11:22 Loom
14:27 Castle Age
12:45 Double-Bit Axe
13:00 Horse Collar
15:58 Fervor
16:06 Bow Saw
21:36 Sanctity
22:46 Wheelbarrow
22:26 Heavy Plow
26:57 Imperial Age
25:19 Hand Cart
25:36 Scale Mail Armor
25:54 Wagenburg Tactics
26:42 Atonement
27:35 Redemption
28:34 Chemistry
27:58 Conscription
27:42 Squires
28:01 Forging
27:26 Pikeman
28:07 Treadmill Crane
29:13 Block Printing
30:14 Two-Man Saw
30:50 Illumination
31:10 Siege Engineers
31:48 Houfnice
33:37 Chain Mail Armor
35:55 Masonry
35:46 Halberdier
39:38 Plate Mail Armor
38:58 Fletching
40:32 Caravan
42:32 Iron Casting
44:19 Blast Furnace
44:48 Ballistics
44:59 Architecture
45:14 Bodkin Arrow
50:37 Bracer
50:37 Padded Archer Armor
52:34 Leather Archer Armor
LvSP | LeON
10:49 Feudal Age
11:14 Loom
14:46 Castle Age
13:09 Double-Bit Axe
13:37 Horse Collar
14:20 Fletching
19:39 Bodkin Arrow
29:31 Fortified Wall
30:06 Pikeman
33:57 Wheelbarrow
35:17 Heavy Plow
35:51 Gold Mining
36:38 Ballistics
39:03 Gold Shaft Mining
39:37 Stone Mining
40:49 Bow Saw
43:14 Imperial Age
42:02 Stone Shaft Mining
43:15 Heavy Scorpion
44:28 Furor Celtica
46:56 Siege Engineers
dL
10:52 Feudal Age
11:49 Double-Bit Axe
14:36 Castle Age
12:42 Double-Bit Axe
12:50 Horse Collar
15:40 Bow Saw
15:32 Heavy Plow
22:40 Wheelbarrow
23:15 Gold Mining
25:06 Stone Mining
29:02 Imperial Age
27:26 Scale Barding Armor
27:31 Forging
28:31 Gold Shaft Mining
28:41 Chain Barding Armor
28:11 Fletching
28:22 Padded Archer Armor
28:49 Bloodlines
28:40 Husbandry
29:25 Hand Cart
30:03 Iron Casting
29:06 Heavy Camel Rider
30:48 Plate Barding Armor
30:27 Town Watch
31:32 Conscription
33:22 Ballistics
33:23 Bombard Tower
32:49 Arrowslits
33:28 Artillery
33:36 Town Patrol
34:38 Blast Furnace
38:23 Elite Janissary
39:31 Leather Archer Armor
tktk
9:01 Feudal Age
10:44 Double-Bit Axe
11:11 Loom
14:01 Castle Age
12:24 Horse Collar
14:55 Bow Saw
17:19 Stone Mining
27:57 Wheelbarrow
27:24 Heavy Plow
28:01 Gold Mining
28:47 Stone Shaft Mining
30:08 Hand Cart
34:23 Imperial Age
32:30 Fletching
32:41 Padded Archer Armor
33:05 Ballistics
33:01 Bloodlines
32:52 Husbandry
34:03 Thumb Ring
34:30 Bodkin Arrow
34:50 Leather Archer Armor
34:36 Murder Holes
34:52 Masonry
35:13 Bracer
36:04 Parthian Tactics
35:50 Town Watch
37:12 Chemistry
35:45 Capped Ram
37:42 Conscription
38:06 Gold Shaft Mining
38:49 Drill
39:25 Elite Mangudai
39:31 Siege Ram
42:20 Town Patrol
46:27 Siege Engineers
52:10 Coinage
53:08 Banking
54:03 Onager
HAKUNA MATATA
11:43 Feudal Age
15:28 Castle Age
13:30 Double-Bit Axe
13:43 Horse Collar
18:40 Bow Saw
19:23 Heavy Plow
30:05 Imperial Age
27:20 Loom
27:22 Town Watch
28:13 Fletching
28:23 Padded Archer Armor
28:47 Ballistics
29:04 Wheelbarrow
28:17 Crossbowman
29:24 Thumb Ring
29:16 Bodkin Arrow
29:04 Arbalester
30:01 Leather Archer Armor
31:40 Chemistry
30:56 Bracer
30:22 Elite Skirmisher
33:06 Ring Archer Armor
33:57 Forging
33:53 Scale Barding Armor
34:10 Conscription
33:49 Elite Battle Elephant
34:46 Husbandry
37:39 Iron Casting
37:20 Forced Levy
45:00 Squires
45:08 Light Cavalry
45:25 Man-at-Arms
45:50 Arson
46:49 Pikeman
49:29 Long Swordsman
50:29 Two-Handed Swordsman
51:02 Two-Handed Swordsman
55:14 Guilds
Puskas
10:49 Feudal Age
11:42 Double-Bit Axe
14:29 Castle Age
15:53 Bow Saw
21:20 Loom
22:47 Wheelbarrow
21:57 Loom
22:06 Gold Mining
22:06 Stone Mining
24:29 Scale Barding Armor
25:30 Forging
27:35 Chain Barding Armor
28:00 Town Watch
28:35 Hand Cart
31:18 Imperial Age
29:43 Iron Casting
30:24 Town Patrol
31:55 Gold Shaft Mining
31:24 Husbandry
31:32 Cavalier
32:05 Cavalier
33:59 Blast Furnace
32:59 Scale Mail Armor
32:38 Pikeman
33:03 Gambesons
33:19 Squires
33:04 Arson
33:53 Conscription
33:56 Halberdier
34:10 Paladin
35:54 Chain Mail Armor
37:01 Chemistry
36:53 Plate Barding Armor
37:29 Plate Mail Armor
44:19 Coinage
46:05 Banking
LagiPup
11:36 Feudal Age
15:16 Castle Age
13:07 Horse Collar
13:37 Double-Bit Axe
16:46 Wheelbarrow
21:55 Fervor
22:51 Redemption
23:51 Sanctity
24:14 Fervor
27:42 Imperial Age
25:40 Loom
26:10 Hand Cart
25:56 Town Watch
26:02 Fletching
27:46 Chemistry
28:05 Bow Saw
28:24 Sanctity
28:17 Wagenburg Tactics
30:08 Bodkin Arrow
29:38 Elite Hussite Wagon
31:40 Ballistics
32:01 Houfnice
36:43 Bracer
36:54 Siege Engineers
38:22 Masonry
37:47 Pikeman
38:27 Squires
38:13 Arson
38:29 Scale Mail Armor
38:39 Forging
38:25 Halberdier
40:09 Chain Mail Armor
44:33 Iron Casting
44:28 Plate Mail Armor
46:51 Blast Furnace
Connection lost

Rejoining the realm…

Still unreachable

The connection could not be restored.

Session expired

The server has moved on; the page needs a fresh start.